Map: [ESL] Oceanborn

Players

ByuN - Winner!

  • Race: Terran Terran
  • Spawn Location: 5:00

trigger

  • Race: Protoss Protoss
  • Spawn Location: 11:00

Event: ESL Spring 2024 Finals

VOD

Have the link to the VOD?

Description

Time

  • Played on: June 1, 2024, 10:56 a.m.
  • Length: 3:38

All games in this series

Show
View Real Time Build Order
Export as new Build Order

ByuN Terran - Winner!

Build Orders:  

Get SALT Encoding   

  12  0:00  SCV  
  13  0:12  SCV  
  14  0:16  Supply Depot  
  14  0:24  SCV  
  15  0:38  SCV  
  15  0:39  Barracks  
  16  0:43  Refinery  
  16  0:56  Barracks  
  16  0:59  SCV  
  17  1:11  SCV  
  18  1:27  Orbital Command, Marine  
  19  1:36  Supply Depot  
  19  1:42  Barracks Tech Lab  
  19  1:44  Marine  
  20  1:52  SCV  
  21  2:00  Concussive Shells  
  21  2:01  Marauder  
  23  2:02  Marine  
  23  2:04  Supply Depot  
  23  2:07  SCV  
  25  2:19  SCV  
  25  2:21  Barracks Reactor  
  25  2:22  Marauder  
  28  2:33  SCV  
  29  2:43  Marauder  
  31  2:48  Command Center  
  31  2:53  SCV  
  31  2:57  Marine x2  
  34  3:14  Bunker  
  34  3:19  Marine x2  
Show
View Real Time Build Order
Export as new Build Order

trigger Protoss 

Build Orders: 1 Gate Expand 

Get SALT Encoding   

  12  0:00  Probe  
  13  0:12  Probe  
  14  0:17  Pylon  
  14  0:24  Probe (Chrono Boost)  
  16  0:36  Probe (Chrono Boost)  
  16  0:37  Gateway  
  16  0:43  Probe (Chrono Boost)  
  16  0:46  Assimilator  
  17  0:51  Probe  
  18  1:03  Probe  
  19  1:15  Probe  
  20  1:24  Cybernetics Core  
  20  1:32  Nexus  
  20  1:38  Pylon  
  20  1:42  Assimilator  
  20  1:47  Probe  
  21  1:57  Adept (Chrono Boost)  
  21  1:58  Warp Gate (Chrono Boost)  
  21  1:59  Probe  
  24  2:11  Probe  
  25  2:18  Adept (Chrono Boost)  
  27  2:23  Probe  
  28  2:30  Twilight Council  
  28  2:35  Probe  
  29  2:41  Stalker  
  31  2:44  Probe  
  31  2:47  Probe  
  33  2:56  Probe  
  34  2:58  Gateway  
  34  2:59  Probe  
  34  3:03  Shield Battery  
  35  3:11  Probe  
  34  3:17  Probe  
  31  3:30  Pylon  
Tags
 
Add a new tag
Caveats
  • Supply blocks, unpowered buildings, or Contaminate may cause inaccurate times.
  • Supply counts are checked every 10 seconds.